Unix NetHack Version 3.7.0-62 Work-in-progress - last build Aug 6 2022 11:29:57 (67a82038f352179b2cc157fe3eba26ade2e6f614,branch:master). Game began 2022-08-05 18:23:52, ended 2022-08-06 13:16:39. spontiff, neutral male gnomish Healer ---- 0####...| # |@.| ####-..| |.d| ###...| # |..| # ---- # ----- ## |..<.### ....| |...| ----- Spontiff the Rhizotomist St:9 Dx:8 Co:15 In:11 Wi:17 Ch:15 Neutral S:404 Dlvl:6 $:0 HP:0(25) Pw:7(7) AC:11 Xp:1/1 T:8310 Starved Latest messages: You stop searching. You stop searching. You faint from lack of food. You regain consciousness. You stop searching. You faint from lack of food. You regain consciousness. You can hear again. You stop searching. You faint from lack of food. The large dog bites the floating eye. The large dog is frozen by the floating eye's gaze! You regain consciousness. You stop searching. You faint from lack of food. You regain consciousness. You stop searching. You faint from lack of food. You regain consciousness. You can hear again. You stop searching. You don't have anything to use or apply. You faint from lack of food. You regain consciousness. You faint from lack of food. You regain consciousness. You don't have anything to use or apply. You faint from lack of food. The large dog bites the floating eye. You regain consciousness. Autopickup: OFF. There are many objects here. You faint from lack of food. You regain consciousness. Autopickup: ON, for $!/="? objects, with some exceptions. You faint from lack of food. The large dog bites the floating eye. You regain consciousness. You faint from lack of food. You regain consciousness. You begin bashing monsters with your bare hands. You hit the floating eye. You are frozen by the floating eye's gaze! The large dog bites the floating eye. The large dog bites the floating eye. The floating eye is killed! The large dog eats a floating eye corpse. You die from starvation. Do you want your possessions identified? [ynq] (y) y Do you want to see the dungeon overview? [ynq] (y) y Major events: Turn 1: spontiff the neutral male gnomish Healer entered the dungeon 867: entered the Gnomish Mines 1518: reached Mine Town 8310: died of starvation, while frozen by a floating eye's gaze Inventory: Armor n - a cursed -1 cornuthaum (being worn) Spontiff the Healer's attributes: Background: You were a Rhizotomist, a level 1 male gnomish Healer. You were neutral, on a mission for Hermes who was opposed by Athena (lawful) and Poseidon (chaotic). You were in the Dungeons of Doom, on level 6. You entered the dungeon 8310 turns ago. You had 1 experience point, 19 more were needed to attain level 2. Your score was 404 before end-of-game adjustments. Basics: You had 0 out of 25 hit points. You had all 7 energy points (spell power). Your armor class was 11. Your wallet was empty. Autopickup was on for '$!/="?' plus thrown, with exceptions. Final Characteristics: Your strength was 9 (base:10, limit:18/50). Your dexterity was 8 (limit:18). Your constitution was 15 (limit:18). Your intelligence was 11 (limit:19). Your wisdom was 17 (limit:18). Your charisma was 15 (base:16, limit:18). Final Status: You were starved. You were unencumbered. You were bare handed. You were unskilled in bare handed combat. Final Attributes: You were piously aligned. You were poison resistant. You could have been clairvoyant. You had infravision. You were warded. Hermes was angry with you. You are dead. Miscellaneous: You never encountered a bones level. Total elapsed playing time was 1 hour, 42 minutes and 28 seconds. Vanquished creatures: a watch captain 4 small mimics a tengu 4 watchmen a leprechaun a giant spider a dwarf leader 2 water moccasins 2 shriekers 3 gnome leaders 2 gnomish wizards a little dog a floating eye 9 dwarves a homunculus 4 kobold leaders 2 hill orcs a rabid rat 3 giant bats 4 dwarf zombies a werejackal an iguana 5 acid blobs 3 coyotes 6 hobbits 4 manes 2 large kobolds 6 giant rats 5 cave spiders a brown mold 4 yellow molds 2 green molds a red mold 13 gnomes 5 gnome zombies 6 geckos 13 jackals 3 foxes 3 kobolds 11 goblins 14 grid bugs 2 bats 9 lichens 3 kobold zombies 10 newts 181 creatures vanquished. No species were genocided or became extinct. Voluntary challenges: You never hit with a wielded weapon. You were a pacifist. You read items or engraved 1 time. You never engraved Elbereth. You never genocided any monsters. You never polymorphed an object. You never changed form. You used no wishes. Achievements: You entered the Gnomish Mines. You entered Minetown. You entered a temple. You entered a shop. The Dungeons of Doom: levels 1 to 6 Level 1: A fountain. Level 2: "iron bars; stashlet" Some fountains. Stairs down to The Gnomish Mines. Level 3: Level 4: An armor shop. Level 5: Level 6: <- You were here. Final resting place for you, died of starvation, while frozen by a floating eye's gaze. The Gnomish Mines: levels 3 to 9 Level 3: "magic trap" Level 4: Level 5: "Stashlet" Many shops, a temple. Level 6: Level 7: Level 8: "Polytrap somewhere" Level 9: "Polytrap" Game over: ---------- / \ / REST \ / IN \ / PEACE \ / \ | spontiff | | 0 Au | | died of | | starvation | | | | | | 2022 | *| * * * | * _________)/\\_//(\/(/\)/\//\/|_)_______ Goodbye spontiff the Healer... You starved in The Dungeons of Doom on dungeon level 6 with 404 points, and 0 pieces of gold, after 8310 moves. You were level 1 with a maximum of 25 hit points when you starved.